 Dungeon Crawl Stone Soup version 0.25.1-2-g60ff931df9 (webtiles) character file.

Game seed: 2833151170461438295

9898 lorenzova the Thaumaturge (level 11, -8/54 HPs)
             Began as a Deep Elf Conjurer on Oct 5, 2020.
             Was a Believer of Sif Muna.
             Shot with an arrow by a centaur warrior (11 damage)
             ... on level 10 of the Dungeon.
             The game lasted 00:18:21 (12796 turns).

lorenzova the Thaumaturge (Deep Elf Conjurer)      Turns: 12796, Time: 00:18:22

Health: -8/54      AC: 11    Str:  5    XL:     11   Next: 29%
Magic:  9/30       EV: 13    Int: 24    God:    Sif Muna [**....]
Gold:   612        SH:  0    Dex: 15    Spells: 26/37 levels left

rFire    . . .     SeeInvis .   A - staff of wizardry
rCold    . . .     Gourm    .   (no shield)
rNeg     . . .     Faith    .   z - +0 swamp dragon scales
rPois    +         Spirit   .   F - +2 hat
rElec    .         Reflect  .   p - +1 cloak
rCorr    .         Harm     .   (no gloves)
MR       +....                  (no boots)
Stlth    +.........             (no amulet)
HPRegen  0.18/turn              D - +4 ring of evasion
MPRegen  0.22/turn              (no ring)

@: no status effects
A: no striking features
a: Channel Magic, Renounce Religion


You were on level 10 of the Dungeon.
You worshipped Sif Muna.
Sif Muna was pleased with you.
You were not hungry.

You visited 2 branches of the dungeon, and saw 11 of its levels.

You collected 612 gold pieces.

Inventory:

Armour
 a - a +0 robe
 p - a +1 cloak (worn)
 r - a +0 helmet
 y - a +0 leather armour
 z - +0 swamp dragon scales (worn)
 F - a +2 hat (worn)
Magical Staves
 A - an uncursed staff of wizardry (weapon)
Jewellery
 D - a +4 ring of evasion (left hand)
Wands
 f - a wand of acid (6)
 m - a wand of enslavement (5)
 B - a wand of random effects (25)
 C - a wand of flame (33)
Scrolls
 b - a scroll of blinking {unknown}
 d - 3 scrolls of noise {unknown}
 h - 5 scrolls of teleportation
 n - a scroll of magic mapping {unknown}
 s - 2 scrolls of fear {unknown}
 u - a scroll of enchant weapon {unknown}
 v - a scroll of identify
 x - 2 scrolls of amnesia
 E - 4 scrolls of remove curse
 G - a scroll of enchant armour {unknown}
 I - a scroll of fog {unknown}
 K - a scroll of brand weapon {unknown}
Potions
 e - 2 potions of invisibility
 g - 3 potions of brilliance
 i - 4 potions of curing
 j - 2 potions of magic
 k - 2 potions of heal wounds
 l - a potion of resistance
 q - 3 potions of mutation
 t - a potion of cancellation {unknown}
 H - 2 potions of stabbing
Comestibles
 c - 17 rations
 o - 5 chunks of flesh


   Skills:
 - Level 2.4 Dodging
 - Level 2.4 Stealth
 * Level 13.9 Spellcasting
 * Level 12.4 Conjurations
 + Level 8.6 Hexes
 - Level 6.0 Translocations
 + Level 1.7 Invocations


You had 26 spell levels left.
You knew the following spells:

 Your Spells              Type           Power        Failure   Level  Hunger
a - Magic Dart            Conj           ####         1%          1    None
b - Searing Ray           Conj           ######       1%          2    None
c - Iskenderun's Mystic   Conj/Tloc      ######..     1%          4    None
d - Fulminant Prism       Conj/Hex       ######....   1%          4    None

Your spell library contained the following spells:

 Spells                   Type           Power        Failure   Level  Hunger
 Dazzling Flash           Conj/Hex       ######       1%          3    None
 Beastly Appendage        Tmut           ###...       7%          1    None
 Sticks to Snakes         Tmut           ###.....     11%         2    None
 Spider Form              Tmut/Pois      ###.......   21%         3    None
 Ice Form                 Ice/Tmut       ###.....     52%         4    None
 Blade Hands              Tmut           ###.......   86%         5    ###....


Dungeon Overview and Level Annotations

Branches:
Dungeon (10/15)            Temple (1/1) D:5             Orc (0/2) D:10
   Lair: D:8-11

Altars:
Ashenzari
Cheibriados
Dithmenos
Elyvilon
Fedhas
Gozag
Hepliaklqana
Kikubaaqudgha
Makhleb
Nemelex Xobeh
Okawaru
Qazlal
Ru
Sif Muna
Trog
Uskayaw
Vehumet
Wu Jian
Xom
Yredelemnul
Zin
The Shining One
Beogh
Lugonu

Shops:
D:5 (

Annotations:
D:4 2 transporters, Pulso's ghost, amateur DrAs


Message History

The arrow hits you.
You hear a shout!
You see here an arrow.
The centaur shoots an arrow.
The arrow closely misses you.
The centaur shoots an arrow.
The arrow hits you.
A centaur warrior comes into view.
The centaur shoots an arrow.
The arrow hits you but does no damage.
The centaur warrior wields a +0 shortbow.
The centaur warrior shoots an arrow.
The arrow hits you!
You see here 3 arrows.
The centaur shoots an arrow.
The arrow hits you but does no damage.
The centaur warrior shoots an arrow.
The arrow hits you!
You see here 2 arrows.
The centaur shoots an arrow.
The arrow hits you.
The centaur warrior shoots an arrow.
The arrow hits you!
* * * LOW HITPOINT WARNING * * *
The centaur shoots an arrow.
The arrow barely misses you.
You see here 3 arrows.
The centaur warrior shoots an arrow.
The arrow hits you!
You die...

#.# #.# #.. #W# #.# # #..
#.# #)# .#.#
#.######.########.#
#.................# #
###########W(.....##c#
...>......#...((.....####
..........######(.c......
⌠.._..⌠...# #@###.####
..........# #.# #
...8......# ##.##
8#####8'8### ##...##
...........###.....#.
#######.#####........# #
#.............## #
#######........#
##.........


You could see a centaur warrior and a centaur.

Vanquished Creatures
  Gastronok (D:8)
  Josephine (D:10)
  An orc knight (D:10)
  Joseph (D:8)
  Maggie (D:6)
  A troll (D:9)
  A vampire (D:9)
  4 wraiths (D:10)
  A yak (D:9)
  Eustachio (D:5)
  Grum (D:9)
  3 hogs (D:9)
  A human (D:9)
  Menkaure (D:6)
  Edmund (D:6)
  5 orc warriors
  A sky beast (D:4)
  A necrophage (D:6)
  3 phantoms
  7 centaurs
  3 wolves (D:9)
  5 ogres
  A gnoll sergeant (D:9)
  3 bullfrogs
  5 killer bees
  4 howler monkeys
  2 centaur zombies
  6 crimson imps
  5 hounds
  5 orc priests
  2 jellies
  A bullfrog skeleton (D:10)
  8 iguanas
  2 worker ants
  8 orc wizards
  Ijyb (D:4)
  A worker ant zombie (D:5)
  13 gnolls
  14 adders
  A howler monkey skeleton (D:4)
  A shadow imp (D:10)
  An ooze (D:2)
  2 adder skeletons
  3 worms
  3 dart slugs
  6 leopard geckos
  45 orcs
  9 giant cockroaches
  8 hobgoblins
  4 jackals (D:3)
  10 kobolds
  3 quokkas
  A ball python (D:6)
  11 bats
  6 frilled lizards
  9 goblins
  A jackal skeleton (D:5)
  A leopard gecko skeleton (D:5)
  7 rats
  A toadstool (D:1)
259 creatures vanquished.

Vanquished Creatures (others)
  29 fulminant prisms
  3 toadstools (D:1)
32 creatures vanquished.

Grand Total: 291 creatures vanquished

Notes
Turn   | Place    | Note
-------+----------+-------------------------------------------
     0 | D:1      | lorenzova the Deep Elf Conjurer began the quest for the
                  | Orb.
     0 | D:1      | Reached XP level 1. HP: 10/10 MP: 6/6
   320 | D:1      | Reached XP level 2. HP: 15/15 MP: 4/8
   377 | D:1      | Learned a level 2 spell: Searing Ray
   556 | D:1      | Reached skill level 4 in Spellcasting
   646 | D:1      | Reached skill level 5 in Conjurations
   646 | D:1      | Reached XP level 3. HP: 11/19 MP: 5/10
  1949 | D:2      | Reached XP level 4. HP: 24/24 MP: 10/12
  2013 | D:2      | Found a sacrificial altar of Ru.
  2024 | D:2      | Found a basalt altar of Yredelemnul.
  2027 | D:2      | Found a glowing silver altar of Zin.
  2030 | D:2      | Found a hide-covered altar of Uskayaw.
  2288 | D:2      | Reached skill level 5 in Spellcasting
  2965 | D:3      | Reached XP level 5. HP: 27/28 MP: 1/14
  4090 | D:4      | Reached skill level 6 in Spellcasting
  4174 | D:4      | Found a transporter.
  4176 | D:4      | Noticed Pulso's ghost (amateur DrAs)
  4181 | D:4      | Found a transporter.
  4201 | D:4      | Noticed Ijyb
  4211 | D:4      | Killed Ijyb
  4542 | D:4      | Found a shadowy altar of Dithmenos.
  4561 | D:4      | Noticed a sky beast
  4565 | D:4      | Killed a sky beast
  4565 | D:4      | Reached XP level 6. HP: 32/32 MP: 11/17
  4788 | D:4      | Reached skill level 7 in Spellcasting
  5239 | D:5      | Entered Level 5 of the Dungeon
  5369 | D:5      | Noticed Eustachio
  5373 | D:5      | Killed Eustachio
  5373 | D:5      | Reached XP level 7. HP: 36/36 MP: 15/20
  5439 | D:5      | Learned a level 4 spell: Iskenderun's Mystic Blast
  5444 | D:5      | Learned a level 4 spell: Fulminant Prism
  5494 | D:5      | Reached skill level 8 in Spellcasting
  5495 | D:5      | Found a staircase to the Ecumenical Temple.
  5504 | Temple   | Entered the Ecumenical Temple
  5739 | D:5      | Reached skill level 1 in Hexes
  6004 | D:5      | Reached skill level 1 in Translocations
  6032 | D:5      | Found Melude's Weapon Shop.
  6615 | D:6      | Reached XP level 8. HP: 34/41 MP: 18/22
  6765 | D:6      | Reached skill level 9 in Spellcasting
  7483 | D:6      | Noticed Maggie
  7700 | D:6      | Killed Maggie
  7700 | D:6      | Reached skill level 10 in Spellcasting
  7700 | D:6      | Reached XP level 9. HP: 28/45 MP: 12/25
  7866 | D:6      | Noticed Edmund
  7878 | D:6      | Killed Edmund
  8082 | D:6      | Noticed Menkaure
  8086 | D:6      | Killed Menkaure
  8429 | D:7      | Reached skill level 5 in Hexes
  8526 | D:7      | Found an iron altar of Okawaru.
  8870 | D:7      | Reached skill level 11 in Spellcasting
  8870 | D:7      | Reached skill level 10 in Conjurations
  9204 | D:7      | Found a shimmering blue altar of Sif Muna.
  9373 | D:7      | Became a worshipper of Sif Muna the Loreminder
  9426 | D:8      | Noticed Gastronok
  9449 | D:8      | Killed Gastronok
  9449 | D:8      | Reached skill level 12 in Spellcasting
  9449 | D:8      | Reached skill level 5 in Translocations
  9449 | D:8      | Reached XP level 10. HP: 3/50 MP: 1/28
  9754 | D:8      | Found a radiant altar of Vehumet.
  9754 | D:8      | Found an ancient bone altar of Kikubaaqudgha.
  9908 | D:8      | Found a shadowy altar of Dithmenos.
  9915 | D:8      | Found a glowing golden altar of the Shining One.
  9950 | D:8      | Found a sparkling altar of Nemelex Xobeh.
  9950 | D:8      | Found an opulent altar of Gozag.
 10226 | D:8      | Noticed Joseph
 10237 | D:8      | Killed Joseph
 10702 | D:8      | Found an ornate altar of the Wu Jian Council.
 11240 | D:9      | Noticed Grum
 11249 | D:9      | Killed Grum
 11251 | D:9      | Reached * piety under Sif Muna
 11664 | D:9      | Reached skill level 13 in Spellcasting
 12037 | D:10     | Entered Level 10 of the Dungeon
 12223 | D:10     | Reached ** piety under Sif Muna
 12393 | D:10     | Noticed an orc knight
 12402 | D:10     | Killed an orc knight
 12402 | D:10     | Reached XP level 11. HP: 54/54 MP: 19/30
 12669 | D:10     | Found a roughly hewn altar of Beogh.
 12677 | D:10     | Found a staircase to the Orcish Mines.
 12716 | D:10     | Noticed Josephine
 12726 | D:10     | Killed Josephine
 12726 | D:10     | Reached skill level 1 in Invocations
 12793 | D:10     | Noticed a centaur warrior
 12796 | D:10     | Shot with an arrow by a centaur warrior

Illustrated notes

Levels and vault maps discovered:
D:1:      ldierk_water_garden, layout_loops_ring
D:2:      layout_basic, grunt_temple_overflow_cloverleaf
D:3:      layout_basic, lemuel_flame_loot_1
D:4:      layout_loops_ring, gammafunk_ghost_arena, grunt_dithmenos_smoke,
          uniq_ijyb
D:5:      layout_layer_cave, minmay_temple_entry_grid, first_ration,
          serial_shops, nicolae_shop_waterfront, minmay_misc_feat_rows,
          cheibrodos_gnoll_hut, uniq_eustachio
D:6:      layout_basic, minmay_manual_mares, uniq_menkaure, uniq_maggie,
          uniq_edmund
D:7:      layout_cave_pools, led_sif_book, okawaru_ov_weapons_minmay
D:8:      layout_loops_ring, grunt_temple_overflow_opulence,
          lemuel_crystal_altar, grunt_temple_overflow_open,
          amethyst_overflow_temple_binary, uniq_gastronok, uniq_joseph
D:9:      layout_roguey, grunt_livestock, st_stairs_8, uniq_grum
D:10:     layout_loops_ring, david_orc_5, uniq_josephine
Temple:   corrupted_temple

Skill      XL: |  1  2  3  4  5  6  7  8  9 10 11 |
---------------+----------------------------------+-----
Spellcasting   | 4 5 6 7 8 10 12 13 | 13.9
Conjurations   | 5 6 7 8 9 10 12 | 12.4
Hexes          | 2 4 6 8 |  8.6
Translocations | 1 3 5 6 |  6.0
Invocations    | 1 |  1.7
Dodging        | |  2.4
Stealth        | |  2.4

Action                   |  1- 3 |  4- 6 |  7- 9 | 10-12 || total
-------------------------+-------+-------+-------+-------++-------
Melee: Unarmed           |    10 |       |       |       ||    10
       Staff             |       |       |       |     2 ||     2
 Cast: Magic Dart        |    78 |   107 |   164 |    67 ||   416
       Searing Ray       |     1 |    12 |    41 |    33 ||    87
       Fulminant Prism   |       |       |     3 |    26 ||    29
       Iskenderun's Myst |       |       |       |     3 ||     3
  Use: Scroll            |       |     6 |     4 |     5 ||    15
  Eat: Chunk             |     3 |    10 |    12 |    11 ||    36
Armor: Robe              |       |     3 |     5 |       ||     8
       Swamp dragon scal |       |       |     8 |     9 ||    17
Dodge: Dodged            |     3 |    18 |    32 |    26 ||    79
